Map: Lightshade LE

Players

JimRising

  • Race: Zerg Zerg
  • League: Grandmaster

SpeCial - Winner!

  • Race: Terran Terran
  • League: Master

Event: DreamHack SC2 Masters 2021 Summer

VOD

Have the link to the VOD?

Description

Time

  • Played on: May 21, 2021, 4:03 p.m.
  • Length: 13:15

All games in this series

Show
View Real Time Build Order
Export as new Build Order

JimRising Zerg 

Build Orders: Hatch First, Muta Ling Bane 

Get SALT Encoding   

  12  0:00  Drone  
  13  0:12  Overlord  
  13  0:17  Drone  
  14  0:30  Drone x2  
  16  0:50  Hatchery  
  16  0:51  Drone  
  16  0:56  Drone  
  17  0:58  Drone  
  17  1:03  Extractor  
  17  1:16  Spawning Pool  
  16  1:19  Drone  
  16  1:21  Drone  
  18  1:28  Drone  
  19  1:39  Drone  
  20  1:50  Overlord  
  20  2:03  Queen x2  
  20  2:04  Zergling x4  
  26  2:08  Metabolic Boost  
  26  2:13  Drone  
  28  2:15  Drone  
  28  2:25  Drone x2  
  30  2:32  Drone  
  30  2:36  Spore Crawler  
  31  2:44  Queen x2  
  31  2:49  Overlord  
  31  2:51  Overlord  
  34  2:54  Drone  
  35  3:01  Zergling x2, Extractor  
  36  3:09  Drone  
  36  3:12  Drone x2  
  39  3:14  Drone x3  
  39  3:16  Drone  
  39  3:17  Drone x2  
  39  3:18  Drone  
  46  3:25  Drone  
  47  3:32  Drone x2  
  49  3:45  Zergling x4  
  51  3:53  Drone x3  
  51  3:54  Overlord  
  51  3:55  Lair  
  52  3:57  Hatchery  
  51  4:04  Zergling x2  
  51  4:06  Baneling Nest  
  51  4:13  Spine Crawler  
  51  4:14  Overlord, Drone  
  51  4:16  Extractor x2, Drone x3  
  52  4:17  Extractor  
  52  4:21  Overlord  
  52  4:22  Drone x2  
  53  4:25  Drone x2  
  53  4:28  Overlord  
  55  4:34  Overlord  
  55  4:51  Zergling x4  
  55  4:52  Drone x3  
  60  4:53  Drone x3  
  63  5:02  Zergling x2  
  63  5:04  Baneling x2  
  64  5:15  Zergling x4  
  64  5:20  Zergling x4  
  66  5:23  Zergling x4  
  64  5:32  Zergling x4, Centrifical Hooks  
  64  5:34  Drone  
  64  5:35  Spire  
  66  5:36  Drone x3  
  66  5:37  Baneling  
  66  5:42  Extractor  
  68  5:45  Drone x3  
  68  5:46  Overlord  
  68  5:48  Extractor, Drone x3  
  73  5:58  Overlord  
  73  6:01  Overlord x3  
  73  6:02  Zergling x2  
  73  6:03  Zergling x6  
  77  6:07  Zergling x2  
  78  6:12  Zergling x4  
  78  6:13  Zergling x6  
  83  6:20  Overlord  
  83  6:25  Overlord  
  83  6:26  Baneling x4  
  83  6:29  Overlord  
  82  6:49  Mutalisk x2  
  82  6:50  Mutalisk x5  
  82  6:52  Mutalisk x5  
  99  6:54  Mutalisk  
  99  6:56  Zergling x8  
  99  7:00  Mutalisk  
  107  7:04  Zergling x2  
  107  7:07  Baneling x4  
  108  7:09  Zergling x4  
  108  7:10  Zergling x4  
  108  7:13  Mutalisk  
  114  7:23  Mutalisk  
  114  7:24  Overlord  
  114  7:25  Zergling x6  
  114  7:29  Mutalisk  
  121  7:31  Mutalisk  
  121  7:32  Zergling x4  
  121  7:35  Baneling x2  
  124  7:38  Zergling x6  
  124  7:39  Zergling x2  
  124  7:43  Mutalisk  
  125  7:44  Zergling x2  
  125  7:49  Baneling  
  125  7:50  Baneling x5  
  127  7:51  Zergling x4  
  127  7:55  Zergling x8  
  128  8:01  Zergling x8  
  132  8:05  Zergling x4  
  132  8:12  Overseer  
  120  8:26  Zergling x14  
  120  8:31  Zergling x4  
  116  8:37  Zerg Flyer Weapons Level 1  
  116  8:38  Zergling x6  
  116  8:40  Mutalisk  
  120  8:47  Mutalisk x2  
  124  8:54  Mutalisk  
  124  8:55  Mutalisk  
  126  9:01  Mutalisk x3  
  130  9:03  Baneling x7  
  130  9:04  Baneling x3  
  130  9:05  Zergling x8  
  130  9:09  Drone x6  
  140  9:16  Drone  
  141  9:18  Evolution Chamber  
  141  9:19  Evolution Chamber  
  141  9:20  Baneling x11  
  139  9:30  Hatchery  
  138  9:32  Zergling x4  
  138  9:37  Baneling  
  138  9:38  Baneling x5  
  140  9:40  Zergling x4  
  140  9:41  Zergling x2  
  141  9:51  Mutalisk x3  
  145  9:56  Spore Crawler  
  137  10:09  Drone x3  
  136  10:19  Pneumatized Carapace  
  136  10:29  Zergling x8  
  136  10:32  Zerg Flyer Weapons Level 2, Zerg Ground Armor Level 1  
  136  10:33  Zerg Melee Weapons Level 1  
  136  10:34  Zergling x4  
  140  10:36  Drone x5  
  140  10:37  Overlord x2  
  143  10:43  Overseer x2  
  143  10:44  Zergling x8  
  143  10:47  Drone  
  148  10:51  Drone x3  
  150  10:58  Extractor  
  150  11:00  Extractor  
  135  11:08  Mutalisk x2  
  135  11:09  Mutalisk x3  
  145  11:13  Drone x3  
  145  11:14  Drone x3  
  151  11:18  Zergling x4  
  151  11:19  Zergling x4  
  155  11:26  Mutalisk x3  
  161  11:33  Zergling x8  
  165  11:43  Drone x2  
  167  11:49  Hatchery  
  167  11:51  Drone  
  167  11:52  Overlord x3  
  165  12:06  Overlord x2  
  155  12:18  Drone x2  
  155  12:19  Extractor  
  155  12:20  Mutalisk x5  
  155  12:21  Mutalisk x2  
  132  12:34  Baneling  
  132  12:35  Baneling x11  
  97  12:48  Zergling x20  
Show
View Real Time Build Order
Export as new Build Order

SpeCial Terran - Winner!

Build Orders: Liberator Opening, Reaper Expand 

Get SALT Encoding   

  12  0:00  SCV  
  13  0:12  SCV  
  14  0:17  Supply Depot  
  14  0:24  SCV  
  15  0:39  SCV  
  15  0:40  Barracks  
  16  0:43  Refinery  
  16  0:51  SCV  
  17  1:03  SCV  
  18  1:15  SCV  
  19  1:27  Orbital Command, Reaper  
  20  1:39  Command Center  
  20  1:49  Supply Depot  
  20  1:54  SCV  
  21  1:59  Marine  
  22  2:06  SCV  
  23  2:13  Factory  
  23  2:18  SCV  
  23  2:20  Barracks Reactor  
  24  2:30  SCV  
  25  2:42  Command Center  
  25  2:43  SCV  
  26  2:52  Orbital Command  
  26  2:55  SCV  
  27  3:04  Hellion x2  
  31  3:09  Starport  
  31  3:11  SCV  
  32  3:14  Refinery  
  32  3:18  SCV  
  33  3:23  SCV  
  33  3:25  Hellion  
  38  3:27  Hellion  
  38  3:29  Marine  
  38  3:31  SCV  
  40  3:35  SCV  
  41  3:53  Hellion x2  
  41  3:54  SCV x2  
  45  3:56  Liberator  
  45  3:58  Barracks Tech Lab  
  45  4:00  SCV  
  49  4:06  SCV x2  
  51  4:16  Orbital Command  
  51  4:17  Marine  
  51  4:18  Stimpack  
  51  4:23  SCV x2  
  54  4:24  Barracks  
  54  4:35  Marine, SCV x2  
  57  4:38  Barracks  
  57  4:40  Supply Depot  
  57  4:42  Factory Reactor, Supply Depot  
  57  4:44  SCV  
  58  4:47  SCV  
  58  4:50  SCV  
  60  4:53  Marine  
  61  5:02  SCV  
  61  5:04  Engineering Bay  
  61  5:05  Engineering Bay  
  61  5:07  Starport Reactor  
  62  5:08  SCV x2  
  62  5:11  Refinery x2  
  64  5:14  SCV  
  64  5:15  Supply Depot  
  64  5:20  SCV  
  66  5:28  SCV  
  60  5:29  Marine x2  
  60  5:34  Orbital Command  
  61  5:37  Factory Reactor  
  61  5:38  SCV  
  61  5:40  SCV  
  61  5:41  Marine x3  
  66  5:44  Medivac  
  66  5:45  Barracks, Medivac  
  66  5:47  Barracks, Marine  
  71  5:50  Terran Infantry Weapons Level 1  
  71  5:51  Marine  
  71  5:54  Terran Infantry Armor Level 1  
  73  5:57  SCV x2  
  73  5:59  Marine  
  73  6:03  SCV  
  76  6:05  Combat Shield  
  76  6:08  Marine x2  
  76  6:09  SCV, Marine x2, Supply Depot  
  81  6:15  SCV x2  
  81  6:16  Marine  
  84  6:25  Supply Depot  
  84  6:26  Marine  
  84  6:30  Medivac x2, Marine x2  
  84  6:31  Supply Depot, SCV x2  
  93  6:34  Barracks Reactor x2  
  93  6:36  Supply Depot  
  93  6:46  Marine x2  
  93  6:47  Widow Mine x2, SCV x2  
  101  6:48  Marine x2, SCV  
  101  6:51  Marine  
  100  6:55  Missile Turret  
  100  6:58  Missile Turret  
  100  6:59  SCV x2  
  100  7:00  SCV  
  100  7:01  Factory  
  103  7:02  Missile Turret, Armory  
  103  7:04  Marine x2  
  103  7:08  Marine x3  
  105  7:11  Widow Mine x2, Marine x3, SCV  
  116  7:15  SCV  
  116  7:21  Supply Depot, SCV  
  116  7:22  Marine  
  119  7:23  Supply Depot, SCV  
  119  7:24  Marine  
  119  7:27  Marine x3, SCV  
  125  7:34  Refinery  
  125  7:40  Marine, SCV  
  125  7:41  Marine, SCV  
  125  7:42  Marine x2, SCV  
  126  7:44  Marine x2  
  126  7:45  Marine x3  
  126  7:47  Widow Mine x2  
  135  7:54  Sensor Tower  
  135  7:58  Marine x2  
  136  8:00  Marine x2  
  136  8:01  Factory Tech Lab  
  136  8:02  Marine x2  
  136  8:05  Terran Infantry Weapons Level 2  
  141  8:12  Terran Infantry Armor Level 2  
  141  8:14  Marine x3  
  141  8:17  Marine  
  141  8:18  Marine x2  
  126  8:22  Marine x2  
  126  8:23  SCV  
  126  8:25  SCV x2  
  113  8:27  Medivac x2, Marine  
  113  8:31  Widow Mine x2  
  113  8:32  Marine x2  
  121  8:35  Marine x2  
  121  8:36  Marine  
  121  8:38  Drilling Claws  
  121  8:39  Widow Mine  
  121  8:40  Marine x2  
  121  8:41  SCV  
  128  8:45  Marine  
  130  8:50  Marine x2  
  130  8:52  Marine  
  130  8:53  Widow Mine, Marine x2  
  126  8:57  Medivac, Marine  
  126  9:00  Marine  
  130  9:03  Medivac, Marine  
  133  9:11  Missile Turret  
  133  9:12  Thor, Marine  
  133  9:14  Marine  
  141  9:22  Supply Depot  
  141  9:23  Marine x4  
  141  9:24  Supply Depot  
  145  9:26  Widow Mine x2  
  145  9:30  Barracks Reactor  
  149  9:32  Missile Turret  
  149  9:38  Marine x2  
  149  9:43  Marine x3  
  151  9:46  Marine x2  
  153  9:56  Marine x2  
  153  10:00  Command Center  
  153  10:01  Marine x3  
  153  10:04  Marine x2  
  153  10:05  Barracks x2, Missile Turret  
  153  10:06  Missile Turret  
  156  10:08  Widow Mine  
  156  10:09  Widow Mine  
  156  10:11  Marine x2  
  162  10:14  Marine x2  
  162  10:15  Medivac  
  162  10:18  Medivac  
  162  10:19  Marine  
  165  10:25  Marine x4  
  169  10:28  Marine  
  169  10:29  Marine  
  169  10:32  Marauder, Marine  
  172  10:37  Marine  
  173  11:02  Marine  
  173  11:03  Marine  
  173  11:06  Medivac x2, Thor, Marine x6, Marauder  
  173  11:12  Widow Mine x2, Marine x2  
  173  11:18  Barracks  
  179  11:23  Marine x4  
  179  11:24  Marine x2  
  179  11:25  Barracks Tech Lab x2  
  185  11:28  Marauder  
  185  11:34  Widow Mine  
  185  11:36  Marine  
  185  11:37  Concussive Shells  
  188  11:41  Medivac x2, Widow Mine, Missile Turret x2  
  194  11:49  Marauder  
  196  12:12  Marine x3  
  196  12:13  Marine x2  
  196  12:14  Marine  
  195  12:17  Medivac, Widow Mine x3, Marauder  
  183  12:39  Marine x4  
  183  12:40  Marine x3  
  183  12:42  Marine  
Tags
 
Add a new tag
Caveats
  • Supply blocks, unpowered buildings, or Contaminate may cause inaccurate times.
  • Supply counts are checked every 10 seconds.